| TOP OF THE 1ST |
|
Columbus Clippers batting - Pitching for Louisville Stallions : RHP Roger Alexander
|
|
Pitching: RHP Roger Alexander
|
|
|
Batting: SHB Curt Wilkerson
|
0-0: Foul Ball, location: 2F 0-1: Ball 1-1: Ground out 5-3 (Groundball, 56, EV 82.5 MPH)
|
|
Batting: LHB Tony Ramirez
|
0-0: Fly out, F7 (Line Drive, 78S, EV 110.6 MPH)
|
|
Batting: LHB Denny Porter
|
0-0: Ball 1-0: Foul Ball, location: 2F 1-1: Foul Ball, location: 2F 1-2: Ball 2-2: SINGLE (Groundball, 3D, EV 99.4 MPH)
|
|
Batting: RHB Rod Allen
|
0-0: Called Strike 0-1: Ball 1-1: Fly out, F8 (Flyball, 8LD, EV 92.5 MPH)
|
| Top of the 1st over - 0 runs, 1 hit, 0 errors, 1 left on base; Columbus 0 - Louisville 0 |
| BOTTOM OF THE 1ST |
|
Louisville Stallions batting - Pitching for Columbus Clippers : LHP Brooks Carey
|
|
Pitching: LHP Brooks Carey
|
|
|
Batting: SHB Harry Chappas
|
0-0: Ball 1-0: Ball 2-0: Ground out 6-3 (Groundball, 6, EV 81.9 MPH)
|
|
Batting: RHB Stephen Dembowski
|
0-0: SINGLE (Groundball, 6MD, EV 98.8 MPH) (infield hit)
|
|
Batting: LHB Ted May
|
0-0: Called Strike 0-1: Ball 1-1: Ball 2-1: Fly out, F7 (Line Drive, 7, EV 95.6 MPH)
|
|
Batting: SHB Orestes Destrade
|
0-0: SINGLE (Flyball, 9S, EV 95.6 MPH) Stephen Dembowski to second Runner from 2nd tries for 3rd, SAFE, no throw by RF
|
|
Batting: RHB Kelly Heath
|
0-0: Called Strike 0-1: Foul Ball, location: 2F 0-2: Ball 1-2: Ground out 4-3 (Groundball, 4, EV 110.6 MPH)
|
| Bottom of the 1st over - 0 runs, 2 hits, 0 errors, 2 left on base; Columbus 0 - Louisville 0 |
| TOP OF THE 2ND |
|
Columbus Clippers batting - Pitching for Louisville Stallions : RHP Roger Alexander
|
|
Batting: LHB Barry Butera
|
0-0: Ball 1-0: Foul Ball, location: 2F 1-1: Ball 2-1: Ball 3-1: Foul Ball, location: 2F 3-2: Foul Ball, location: 2F 3-2: Ground out U3 (Groundball, 3, EV 100.0 MPH)
|
|
Batting: LHB Jordan Medrano
|
0-0: Foul Ball, location: 2F 0-1: Ball 1-1: Ball 2-1: Foul Ball, location: 2F 2-2: Strikes out swinging
|
|
Batting: LHB Gene Gentile
|
0-0: Swinging Strike 0-1: Foul Ball, location: 2F 0-2: Ball 1-2: Foul Ball, location: 2F 1-2: Ball 2-2: Ball 3-2: Base on Balls
|
|
Batting: LHB Arturo Blanco
|
0-0: Ground out U3 (Groundball, 3S, EV 86.3 MPH)
|
| Top of the 2nd over - 0 runs, 0 hits, 0 errors, 1 left on base; Columbus 0 - Louisville 0 |
| BOTTOM OF THE 2ND |
|
Louisville Stallions batting - Pitching for Columbus Clippers : LHP Brooks Carey
|
|
Batting: LHB Mauricio Gracia
|
0-0: Called Strike 0-1: SINGLE (Line Drive, 4D, EV 96.3 MPH)
|
|
Batting: LHB Lawrence Grahek
|
0-0: Ball 1-0: Called Strike 1-1: Ball 2-1: Foul Ball, location: 2F 2-2: Foul Ball, location: 2F 2-2: Ball 3-2: Foul Ball, location: 2F 3-2: DOUBLE (Line Drive, 89M, EV 97.5 MPH) Mauricio Gracia to third Mauricio Gracia scores
|
|
Batting: LHB John Tucker
|
0-0: SINGLE (Groundball, 34S, EV 67.5 MPH) (infield hit) Lawrence Grahek to third
|
|
Batting: RHB Kiko Garcia
|
0-0: Swinging Strike 0-1: Ball 1-1: Swinging Strike 1-2: Ball 2-2: Foul Ball, location: 2F 2-2: SINGLE (Groundball, 6MD, EV 110.6 MPH) Lawrence Grahek scores John Tucker to second Runner from 2nd tries for 3rd, SAFE, no throw by CF
|
|
Batting: SHB Harry Chappas
|
0-0: Foul Ball, location: 2F 0-1: Ball 1-1: Ball 2-1: Ball 3-1: Foul Ball, location: 2F 3-2: Foul Ball, location: 2F 3-2: Foul Ball, location: 2F 3-2: Base on Balls Kiko Garcia to second
|
|
Batting: RHB Stephen Dembowski
|
0-0: Ball 1-0: Ball 2-0: Called Strike 2-1: Ball 3-1: Swinging Strike 3-2: Foul Ball, location: 2F 3-2: Base on Balls John Tucker scores Kiko Garcia to third Harry Chappas to second
|
|
Batting: LHB Ted May
|
0-0: Ball 1-0: Called Strike 1-1: Swinging Strike 1-2: Strikes out swinging
|
|
Batting: SHB Orestes Destrade
|
0-0: Fly out, F7 (Flyball, 78D, EV 107.5 MPH) Throwing error, E7 Kiko Garcia scores Harry Chappas to third Stephen Dembowski to second
|
|
Batting: RHB Kelly Heath
|
0-0: Ball 1-0: Ball 2-0: Ball 3-0: Foul Ball, location: 2F 3-1: Base on Balls
|
|
Batting: LHB Mauricio Gracia
|
0-0: Ball 1-0: Foul Ball, location: 2F 1-1: Ground out 4-3 (Groundball, 4MS, EV 85.0 MPH)
|
| Bottom of the 2nd over - 4 runs, 4 hits, 1 error, 3 left on base; Columbus 0 - Louisville 4 |
| TOP OF THE 3RD |
|
Columbus Clippers batting - Pitching for Louisville Stallions : RHP Roger Alexander
|
|
Batting: RHB Alex Rodriguez
|
0-0: Fly out, F4 (Line Drive, 4, EV 76.3 MPH)
|
|
Batting: SHB Curt Wilkerson
|
0-0: Swinging Strike 0-1: Ball 1-1: Fly out, F5 (Popup, 56, EV 82.5 MPH)
|
|
Batting: LHB Tony Ramirez
|
0-0: Called Strike 0-1: Foul Ball, location: 2F 0-2: Ball 1-2: Ball 2-2: TRIPLE (Flyball, 78XD, EV 87.5 MPH)
|
|
Batting: LHB Denny Porter
|
0-0: Called Strike 0-1: Ball 1-1: Called Strike 1-2: Strikes out swinging
|
| Top of the 3rd over - 0 runs, 1 hit, 0 errors, 1 left on base; Columbus 0 - Louisville 4 |
| BOTTOM OF THE 3RD |
|
Louisville Stallions batting - Pitching for Columbus Clippers : LHP Brooks Carey
|
|
Batting: LHB Lawrence Grahek
|
0-0: Called Strike 0-1: Foul Ball, location: 2F 0-2: Strikes out looking
|
|
Batting: LHB John Tucker
|
0-0: Ground out 6-3 (Groundball, 6, EV 89.4 MPH)
|
|
Batting: RHB Kiko Garcia
|
0-0: Foul Ball, location: 2F 0-1: Ball 1-1: Ball 2-1: Foul Ball, location: 2F 2-2: SINGLE (Groundball, 56D, EV 104.4 MPH)
|
|
Batting: SHB Harry Chappas
|
0-0: Called Strike 0-1: Foul Ball, location: 2F 0-2: Ball Kiko Garcia steals 2nd base 1-2: Ball 2-2: Ball 3-2: Foul Ball, location: 2F 3-2: Foul Ball, location: 2F 3-2: Foul Ball, location: 2F 3-2: Ground out 5-3 (Groundball, 56, EV 81.3 MPH)
|
| Bottom of the 3rd over - 0 runs, 1 hit, 0 errors, 1 left on base; Columbus 0 - Louisville 4 |
| TOP OF THE 4TH |
|
Columbus Clippers batting - Pitching for Louisville Stallions : RHP Roger Alexander
|
|
Batting: RHB Rod Allen
|
0-0: Ball 1-0: Swinging Strike 1-1: DOUBLE (Line Drive, 7LS, EV 110.6 MPH)
|
|
Batting: LHB Barry Butera
|
0-0: Ball 1-0: Foul Ball, location: 2F 1-1: Foul Ball, location: 2F 1-2: Strikes out looking
|
|
Batting: LHB Jordan Medrano
|
0-0: Fly out, F5 (Popup, 56, EV 63.8 MPH)
|
|
Batting: LHB Gene Gentile
|
0-0: Called Strike 0-1: Foul Ball, location: 2F 0-2: Strikes out swinging
|
| Top of the 4th over - 0 runs, 1 hit, 0 errors, 1 left on base; Columbus 0 - Louisville 4 |
| BOTTOM OF THE 4TH |
|
Louisville Stallions batting - Pitching for Columbus Clippers : LHP Brooks Carey
|
|
Batting: RHB Stephen Dembowski
|
0-0: Called Strike 0-1: Foul Ball, location: 2F 0-2: Ground out 4-3 (Groundball, 4M, EV 98.8 MPH)
|
|
Batting: LHB Ted May
|
0-0: Ball 1-0: Foul Ball, location: 2F 1-1: Swinging Strike 1-2: Ground out 4-3 (Groundball, 4, EV 100.6 MPH)
|
|
Batting: SHB Orestes Destrade
|
0-0: Foul Ball, location: 2F 0-1: Called Strike 0-2: Ball 1-2: Strikes out looking
|
| Bottom of the 4th over - 0 runs, 0 hits, 0 errors, 0 left on base; Columbus 0 - Louisville 4 |
| TOP OF THE 5TH |
|
Columbus Clippers batting - Pitching for Louisville Stallions : RHP Roger Alexander
|
|
Batting: LHB Arturo Blanco
|
0-0: Called Strike 0-1: Ball 1-1: Ground out U3 (Groundball, 3L, EV 83.1 MPH)
|
|
Batting: RHB Alex Rodriguez
|
0-0: Fly out, F7 (Flyball, 78S, EV 87.5 MPH)
|
|
Batting: SHB Curt Wilkerson
|
0-0: Called Strike 0-1: Swinging Strike 0-2: Ball 1-2: Strikes out swinging
|
| Top of the 5th over - 0 runs, 0 hits, 0 errors, 0 left on base; Columbus 0 - Louisville 4 |
| BOTTOM OF THE 5TH |
|
Louisville Stallions batting - Pitching for Columbus Clippers : LHP Brooks Carey
|
|
Batting: RHB Kelly Heath
|
0-0: Ground out 4-3 (Groundball, 4, EV 86.3 MPH)
|
|
Batting: LHB Mauricio Gracia
|
0-0: Called Strike 0-1: Fly out, F4 (Popup, 4, EV 55.0 MPH)
|
|
Batting: LHB Lawrence Grahek
|
0-0: Foul Ball, location: 2F 0-1: Ball 1-1: Ball 2-1: DOUBLE (Line Drive, 7LM, EV 110.0 MPH)
|
|
Batting: LHB John Tucker
|
0-0: Ground out U3 (Groundball, 34S, EV 91.9 MPH)
|
| Bottom of the 5th over - 0 runs, 1 hit, 0 errors, 1 left on base; Columbus 0 - Louisville 4 |
| TOP OF THE 6TH |
|
Columbus Clippers batting - Pitching for Louisville Stallions : RHP Roger Alexander
|
|
Batting: LHB Tony Ramirez
|
0-0: Ground out 4-3 (Groundball, 4, EV 86.9 MPH)
|
|
Batting: LHB Denny Porter
|
0-0: Called Strike 0-1: Ball 1-1: Ball 2-1: Foul Ball, location: 2F 2-2: Strikes out swinging
|
|
Batting: RHB Rod Allen
|
0-0: DOUBLE (Line Drive, 7LS, EV 93.8 MPH)
|
|
Batting: LHB Barry Butera
|
0-0: Foul Ball, location: 2F 0-1: Ball 1-1: Ball 2-1: Ground out U3 (Groundball, 3, EV 90.0 MPH)
|
| Top of the 6th over - 0 runs, 1 hit, 0 errors, 1 left on base; Columbus 0 - Louisville 4 |
| BOTTOM OF THE 6TH |
|
Louisville Stallions batting - Pitching for Columbus Clippers : LHP Brooks Carey
|
|
Batting: RHB Kiko Garcia
|
0-0: Ball 1-0: Ball 2-0: SINGLE (Groundball, 5S, EV 73.8 MPH) (infield hit)
|
|
Batting: SHB Harry Chappas
|
0-0: Bunt missed! 0-1: Ball 1-1: Ball 2-1: Bunt - Flyout to 13! F1
|
|
Batting: RHB Stephen Dembowski
|
0-0: Called Strike Kiko Garcia steals 2nd base 0-1: Foul Ball, location: 2F 0-2: Ground out 6-3 (Groundball, 6, EV 106.3 MPH)
|
|
Batting: LHB Ted May
|
0-0: Ball 1-0: Ball 2-0: Called Strike 2-1: Called Strike 2-2: Ground out 4-3 (Groundball, 4, EV 85.0 MPH)
|
| Bottom of the 6th over - 0 runs, 1 hit, 0 errors, 1 left on base; Columbus 0 - Louisville 4 |
| TOP OF THE 7TH |
|
Columbus Clippers batting - Pitching for Louisville Stallions : RHP Roger Alexander
|
|
Batting: LHB Jordan Medrano
|
0-0: SINGLE (Groundball, 6MD, EV 95.0 MPH)
|
|
Batting: LHB Gene Gentile
|
0-0: Swinging Strike 0-1: Swinging Strike 0-2: Strikes out looking
|
|
Batting: LHB Arturo Blanco
|
0-0: Fly out, F4 (Line Drive, 4, EV 68.8 MPH)
|
|
Batting: RHB Alex Rodriguez
|
0-0: Called Strike 0-1: Swinging Strike 0-2: Strikes out swinging
|
| Top of the 7th over - 0 runs, 1 hit, 0 errors, 1 left on base; Columbus 0 - Louisville 4 |
| BOTTOM OF THE 7TH |
|
Louisville Stallions batting - Pitching for Columbus Clippers : LHP Brooks Carey
|
|
Batting: SHB Orestes Destrade
|
0-0: Ball 1-0: Ball 2-0: DOUBLE (Line Drive, 3D, EV 97.5 MPH)
|
|
Batting: RHB Kelly Heath
|
0-0: Ball 1-0: Foul Ball, location: 2F 1-1: Fly out, F5 (Popup, 15S, EV 91.9 MPH)
|
|
Batting: LHB Mauricio Gracia
|
0-0: Ball 1-0: Ball 2-0: Ground out U3 (Groundball, 3L, EV 102.5 MPH) Orestes Destrade to third
|
|
Batting: LHB Lawrence Grahek
|
0-0: Ball 1-0: Foul Ball, location: 2F 1-1: Fly out, F3 (Flyball, 3D, EV 88.8 MPH)
|
| Bottom of the 7th over - 0 runs, 1 hit, 0 errors, 1 left on base; Columbus 0 - Louisville 4 |
| TOP OF THE 8TH |
|
Columbus Clippers batting - Pitching for Louisville Stallions : RHP Roger Alexander
|
|
Batting: SHB Curt Wilkerson
|
0-0: Ball 1-0: Foul Ball, location: 2F 1-1: Ball 2-1: Ball 3-1: Base on Balls
|
|
Batting: LHB Tony Ramirez
|
0-0: Ball 1-0: Ball 2-0: Ball 3-0: Called Strike 3-1: Base on Balls Curt Wilkerson to second
|
|
Batting: LHB Denny Porter
|
0-0: Ball 1-0: Called Strike 1-1: Ball 2-1: SINGLE (Groundball, 56D, EV 106.3 MPH) Curt Wilkerson to third Tony Ramirez to second Runner from 3rd tries for Home, SAFE, throw by LF to home
|
|
Pitching: RHP Al Gallegos
|
|
|
Batting: RHB Rod Allen
|
0-0: Ball 1-0: Called Strike 1-1: Fly out, F8 (Flyball, 8LS, EV 84.4 MPH)
|
|
Batting: LHB Barry Butera
|
0-0: Foul Ball, location: 2F 0-1: Foul Ball, location: 2F 0-2: Strikes out swinging
|
|
Batting: LHB Jordan Medrano
|
0-0: Ball 1-0: Fly out, F3 (Line Drive, 3, EV 68.1 MPH)
|
| Top of the 8th over - 1 run, 1 hit, 0 errors, 2 left on base; Columbus 1 - Louisville 4 |
| BOTTOM OF THE 8TH |
|
Louisville Stallions batting - Pitching for Columbus Clippers : LHP Brooks Carey
|
|
Pitching: RHP Jeff Cornell
|
|
|
Batting: LHB John Tucker
|
0-0: Ball 1-0: Foul Ball, location: 2F 1-1: Ball 2-1: Swinging Strike 2-2: Ball 3-2: Ground out 6-3 (Groundball, 6MS, EV 85.6 MPH)
|
|
Batting: RHB Kiko Garcia
|
0-0: Ball 1-0: Called Strike 1-1: Ball 2-1: Ground out 4-3 (Groundball, 4, EV 99.4 MPH)
|
|
Batting: SHB Harry Chappas
|
0-0: Ball 1-0: Fly out, F7 (Line Drive, 7, EV 91.9 MPH)
|
| Bottom of the 8th over - 0 runs, 0 hits, 0 errors, 0 left on base; Columbus 1 - Louisville 4 |
| TOP OF THE 9TH |
|
Columbus Clippers batting - Pitching for Louisville Stallions : RHP Al Gallegos
|
|
Batting: LHB Gene Gentile
|
0-0: Ball 1-0: Ball 2-0: SINGLE (Groundball, 6MD, EV 97.5 MPH)
|
|
Batting: LHB Arturo Blanco
|
0-0: Fly out, F5 (Popup, 56, EV 61.9 MPH)
|
|
Batting: RHB Alex Rodriguez
|
0-0: Ball 1-0: Swinging Strike 1-1: Ball 2-1: SINGLE (Groundball, 34D, EV 96.9 MPH) Gene Gentile to second
|
|
Batting: SHB Curt Wilkerson
|
0-0: SINGLE (Line Drive, 89S, EV 93.1 MPH) Gene Gentile to third Alex Rodriguez to second
|
|
Batting: LHB Tony Ramirez
|
0-0: Ball 1-0: Ball 2-0: Ground out 3-1 (Groundball, 34S, EV 75.0 MPH) Gene Gentile scores Alex Rodriguez to third Curt Wilkerson to second
|
|
Batting: LHB Denny Porter
|
0-0: Ball 1-0: Ball 2-0: Ball 3-0: Called Strike 3-1: Swinging Strike 3-2: Base on Balls
|
|
Batting: RHB Rod Allen
|
0-0: Called Strike 0-1: Foul Ball, location: 2F 0-2: Ball 1-2: Strikes out swinging
|
| Top of the 9th over - 1 run, 3 hits, 0 errors, 3 left on base; Columbus 2 - Louisville 4 |
|